 Dungeon Crawl Stone Soup version 0.31-a0-1612-g4aaf141004 (webtiles) character file.

Game seed: 11218860718855839670

11 CowFu the Chopper (level 2, 0/22 (25) HPs)
             Began as a Hill Orc Reaver on Jan 9, 2024.
             Slain by a gnoll
             ... wielding a +0 club
              (7 damage)
             ... on level 1 of the Dungeon.
             The game lasted 00:00:26 (245 turns).

CowFu the Chopper (Hill Orc Reaver)                  Turns: 245, Time: 00:00:27

HP:   0/22 (25)     AC:  3    Str: 14    XL:     2   Next: 25%
MP:   4/4           EV: 11    Int: 13    God:
Gold: 25            SH:  0    Dex:  9    Spells: 3/4 levels left

rFire   . . .        a - +0 hand axe
rCold   . . .        (no shield)
rNeg    . . .        b - +0 leather armour
rPois   .            (no helmet)
rElec   .            (no cloak)
rCorr   .            (no gloves)
SInv    .            (no boots)
Will    .....        (no amulet)
Stlth   +            (no ring)
HPRegen 0.23/turn    (no ring)
MPRegen 0.09/turn

%: no passive effects
@: heavily drained
A: no striking features
a: no special abilities


You were on level 1 of the Dungeon.
You visited 1 branch of the dungeon, and saw 1 of its levels.

You collected 25 gold pieces.

Inventory:

Hand Weapons
 a - a +0 hand axe (weapon)
Armour
 b - a +0 leather armour (worn)


   Skills:
 - Level 2.4 Fighting
 + Level 4.9 Axes
 - Level 1.5 Dodging
 - Level 1.5 Spellcasting
 - Level 3.0 Conjurations


You had 3 spell levels left.
You knew the following spells:

 Your Spells              Type           Power      Damage    Failure   Level
a - Kiss of Death         Conj/Necr      16%        2d6       19%         1

Your spell library contained the following spells:

 Spells                   Type           Power      Damage    Failure   Level
 Momentum Strike          Conj/Tloc      8%         3d8       28%         2
 Hailstorm                Conj/Ice       4%         3d5       50%         3
 Gell's Gravitas          Tloc           1%         N/A       71%         3
 Teleport Other           Tloc           1%         N/A       71%         3
 Dispersal                Tloc           0%         N/A       100%        6


Dungeon Overview and Level Annotations

Branches:
Dungeon (1/15)

Altars:


Message History

The gnoll is severely wounded.
You hit the plant. You completely miss the bush.
You hit the bush but do no damage. The gnoll barely misses you.
You closely miss the gnoll.
The gnoll is severely wounded.
You hit the plant. You hit the bush but do no damage. x2
The gnoll barely misses you.
You closely miss the gnoll.
The gnoll is severely wounded.
You hit the plant. You hit the bush but do no damage. x2
The gnoll misses you.
You closely miss the gnoll.
The gnoll is severely wounded.
You hit the bush but do no damage. x2; You hit the plant.
A nearby plant withers and dies.
The gnoll hits you with a +0 club.
You barely miss the gnoll.
The gnoll is severely wounded.
You hit the bush but do no damage. x2; The gnoll hits you with a +0 club.
You barely miss the gnoll.
The gnoll is severely wounded.
You hit the bush. You hit the bush but do no damage.
The gnoll hits you with a +0 club.
You closely miss the gnoll.
The gnoll is severely wounded.
You hit the bush but do no damage. x2; The gnoll hits you with a +0 club.
You barely miss the gnoll.
The gnoll is severely wounded.
You hit the bush but do no damage. You hit the bush.
The gnoll hits you with a +0 club.
You closely miss the gnoll.
The gnoll is heavily wounded.
You hit the bush but do no damage. x2; The gnoll hits you with a +0 club.
You barely miss the gnoll.
The gnoll is heavily wounded.
You hit the bush but do no damage. x2; The gnoll closely misses you.
You barely miss the gnoll. Your punch misses the gnoll.
The gnoll is heavily wounded.
You completely miss the bush. You hit the bush but do no damage.
The gnoll hits you with a +0 club!
You die...

#♣.. ...# .. ... ...#
+♣.♣+♣.. ... ...#... ..
....P. .P ####...P♣. ♣♣
.......♣P♣♣ ..♣♣
........@.♣♣ ....#
###...gP.P♣♣♣....#
#.#.#...P♣P....#. #
#....P...........
#.##...♣♣P...#..# #
#.#.....P♣...#.#..#
....#.#.............##.
#.#.#.#...#†#.##.#.....
......#......†........


You could see a gnoll.

Vanquished Creatures
  2 endoplasms (D:1)
  A giant cockroach (D:1)
  2 jackals (D:1)
  A quokka (D:1)
  2 ball pythons (D:1)
  A kobold (D:1)
  A rat (D:1)
10 creatures vanquished.

Notes
Turn   | Place    | Note
-------+----------+-------------------------------------------
     0 | D:1      | CowFu the Hill Orc Reaver began the quest for the Orb.
     0 | D:1      | Reached XP level 1. HP: 18/18 MP: 3/3
   140 | D:1      | Reached XP level 2. HP: 8/25 MP: 4/4
   245 | D:1      | Slain by a gnoll

Illustrated notes

Levels and vault maps discovered:
D:1:      minmay_arrival_loop, layout_basic, serial_forest,
          infiniplex_forest_clump_medium, infiniplex_forest_lined_1,
          infiniplex_forest_end_1, infiniplex_forest_straight_3,
          infiniplex_forest_lined_3, infiniplex_forest_fountain,
          infiniplex_forest_clump_diagonal, infiniplex_forest_lined_2,
          infiniplex_forest_clump_curved

Action                     || total
---------------------------++-------
  Melee: Hand axe          ||    47
   Cast: Kiss of Death     ||     1
 Armour: Leather armour    ||    29
  Dodge: Dodged            ||    27

Table legend: (Time is in decaauts)
 A = Elapsed time spent in this place.
 B = Non-inter-level travel time spent in this place.
 C = Inter-level travel time spent in this place.
 D = Time resting spent in this place.
 E = Time spent auto-exploring this place.
 F = Levels seen in this place.
 G = Mean time per level.
                   A        B        C        D        E       F      G
               +--------+--------+--------+--------+--------+-----+--------+
         Total |    248 |    248 |      0 |      0 |    176 |   1 |  248.0 |
       Dungeon |    248 |    248 |      0 |      0 |    176 |   1 |  248.0 |
               +--------+--------+--------+--------+--------+-----+--------+

Top non-repeatable levels by time:
     D:1: 248 daAuts
